 Dungeon Crawl Stone Soup version 0.19-a0-1654-g9d3f708 (webtiles) character file.

10766 Alarkh the Carver (level 11, 0/75 HPs)
             Began as a Mummy Necromancer on Sept 20, 2016.
             Was a High Priest of Okawaru.
             Slain by an unseen horror (6 damage)
             ... on level 11 of the Dungeon.
             The game lasted 00:26:57 (13701 turns).

Alarkh the Carver (Mummy Necromancer)              Turns: 13701, Time: 00:26:57

Health: 0/75       AC: 10    Str: 16    XL:     11   Next: 40%
Magic:  5/20       EV: 13    Int: 17    God:    Okawaru [*****.]
Gold:   198        SH:  0    Dex: 14    Spells: 3 memorised, 14 levels left

rFire  . . .     SeeInvis .     M - +9 great sword "Moumoirph" {venom, Str+5}
rCold  . . .     Gourm    .     L - troll hide
rNeg   + + +     Faith    .     (shield currently unavailable)
rPois  ∞         Spirit   .     N - +2 helmet
rElec  .         Dismiss  .     t - +0 cloak
rCorr  .         Reflect  .     o - +2 pair of gloves
MR     +....     Harm     .     j - +0 pair of boots
Stlth  ++........               G - amulet of magic regeneration
                                r - ring of wizardry
                                l - ring of fire

@: no status effects
A: no food or potions, fire vulnerability, cold resistance 1, negative energy
resistance 3, torment resistance, unbreathing
a: Heroism, Finesse, Renounce Religion


You were on level 11 of the Dungeon.
You worshipped Okawaru.
Okawaru was extremely pleased with you.
You were not hungry.

You visited 2 branches of the dungeon, and saw 12 of its levels.
You also visited: Ossuary.

You collected 702 gold pieces.
You spent 504 gold pieces at shops.

Inventory:

Hand Weapons
 a - a +0 scimitar of venom
 b - a +0 falchion
 f - a +0 short sword
 x - a +1 dagger of protection
 E - a +2 dagger of venom
 H - a +1 long sword of draining
 J - a +0 long sword
 M - the +9 great sword "Moumoirph" (weapon) {venom, Str+5}
   (Okawaru gifted it to you on level 10 of the Dungeon)

   It poisons the flesh of those it strikes.
   It affects your strength (+5).
Armour
 d - a +0 robe
 g - a +3 leather armour of cold resistance
 j - a +0 pair of boots (worn)
 o - a +2 pair of gloves (worn)
 t - a +0 cloak (worn)
 v - a +0 buckler
 A - a +0 leather armour of fire resistance
 L - a troll hide (worn)
 N - a +2 helmet (worn)
Magical Staves
 D - an uncursed staff of earth
Jewellery
 l - a ring of fire (left hand)
 r - a ring of wizardry (right hand)
 G - an amulet of magic regeneration (around neck)
Wands
 w - a wand of acid (5/15)
 z - a wand of iceblast (8/15)
 B - a wand of iceblast (7/15)
 C - a wand of random effects (15/48)
 F - a wand of flame (12/48)
Scrolls
 c - 3 scrolls of immolation
 e - a scroll of identify
 h - 7 scrolls of remove curse
 i - a scroll of recharging
 k - 2 scrolls of magic mapping
 m - a scroll of random uselessness
 p - 2 scrolls of noise
 q - a scroll of holy word
 s - 3 scrolls of fear
 u - 2 scrolls of teleportation
 y - 4 scrolls of amnesia
 K - a scroll of blinking
Books
 n - a book of Necromancy

   Spells                             Type                      Level
   a - Pain                           Necromancy                   1
   b - Animate Skeleton               Necromancy                   1
   c - Vampiric Draining              Necromancy                   3
   d - Regeneration                   Charms/Necromancy            3
   e - Animate Dead                   Necromancy                   4
   f - Control Undead                 Necromancy                   4
 I - a book of Geomancy

   Spells                             Type                      Level
   a - Sandblast                      Earth                        1
   b - Passwall                       Transmutation/Earth          2
   c - Stone Arrow                    Conjuration/Earth            3
   d - Petrify                        Transmutation/Earth          4
   e - Lee's Rapid Deconstruction     Earth                        5


   Skills:
 + Level 3.3 Fighting
 * Level 10.8 Long Blades
 + Level 2.7 Armour
 + Level 3.4 Dodging
 - Level 1.5 Stealth
 + Level 5.8 Shields
 - Level 6.0 Spellcasting
 - Level 7.0 Necromancy


You had 14 spell levels left.
You knew the following spells:

 Your Spells              Type           Power        Failure   Level  Hunger
a - Vampiric Draining     Necr           ####......   1%          3    N/A
b - Pain                  Necr           ####         1%          1    N/A
c - Control Undead        Necr           ####......   4%          4    N/A

Dungeon Overview and Level Annotations

Branches:
Dungeon (11/15)            Temple (1/1) D:4            Lair (0/6) D:10
    Orc (0/2) D:11

Altars:
Ashenzari
Cheibriados
Dithmenos
Elyvilon
Fedhas
Gozag
Hepliaklqana
Kikubaaqudgha
Makhleb
Nemelex Xobeh
Okawaru
Qazlal
Ru
Sif Muna
Trog
Uskayaw
Vehumet
Xom
Yredelemnul
Zin
The Shining One

Shops:
D:4 *   D:7 }   D:11 [

Portals:
Trove: D:10 (give +4 shadow dragon armour)

Annotations:
D:9 1 exclusion


Innate Abilities, Weirdness & Mutations

You do not eat or drink.
Your flesh is vulnerable to fire.
You are immune to poison.
Your flesh is cold resistant. (rC+)
You are immune to negative energy. (rN+++)
You are immune to unholy pain and torment.
You can survive without breathing.


Message History

Press: ? - help, Shift-Dir - straight line, f/p - ogre
Aim: an ogre, wielding a giant club (almost dead)
You kill the ogre!
Okawaru accepts your kill.
You feel life coursing into your body.
Something hits you but does no damage. x2
Something hits you!
* * * LOW HITPOINT WARNING * * *
Casting: Vampiric Draining
Confirm with . or Enter, or press ? or * to list all spells.
Aiming: Vampiric Draining
Press: ? - help, Shift-Dir - straight line You feel life coursing into your body.
Something hits you but does no damage. Something hits you.
* * * LOW HITPOINT WARNING * * *
Something hits you.
* * * LOW HITPOINT WARNING * * *
Something hits you!
* * * LOW HITPOINT WARNING * * *
Something hits you.
You die...

.# **,,,****,,,***,,**** * ##
***,,,,,,,** **,,,,* ##
*###***** *****,*** .#
####.##### *,,,,,,,* .#
#........#****,*****,* * .#
#...†....#*,,∩,,,*,,,* *
.#######.....)..#*,#,,*,*,***
*
.'.....#:.......##.#*,*,*,,,*
***
.#####.#...?....@..#*,*,***,*
*,, .#
#..........####*,*,*,,,***,*
.# ###........# *,*,***,,,,,*
.# #........# *,*,,,*,*****
.# ####.##### ***,***** * ##
#..# *,,*** * * ##.# **,,,*
** *.# ******+**** ,* *.#
*,,,,,,,,,*


There were no monsters in sight!

Vanquished Creatures
  A centaur warrior (D:10)
  An unseen horror (D:10)
  Pikel (D:8)
  2 hill giants
  An ugly thing (D:11)
  Joseph (D:9)
  Maurice (D:10)
  A troll (D:10)
  The ghost of Rationalist the Chopper, an amateur MiGl (D:4)
  3 hippogriffs
  A spriggan (D:8)
  3 yaks (D:10)
  A wraith (D:11)
  A basilisk (D:8)
  2 hungry ghosts
  2 water moccasins
  Duvessa (D:5)
  2 black bears
  3 orc warriors
  2 ice beasts (D:10)
  3 sky beasts
  A wasp (D:9)
  4 centaurs
  9 ogres
  3 big kobolds
  3 bullfrogs
  Dowan (D:5)
  2 water moccasin zombies (Ossuary)
  2 scorpions
  A water moccasin skeleton (D:10)
  7 wights (D:10)
  2 howler monkeys (D:10)
  7 crimson imps
  2 jellies
  6 orc priests
  14 orc wizards
  2 iguanas
  Natasha (thrice) (D:2)
  5 worker ants
  A hell rat (D:5)
  A big kobold zombie (Ossuary)
  3 hound zombies
  A hound skeleton (D:6)
  2 worker ant zombies
  2 mummies (Ossuary)
  19 adders
  4 river rats (D:5)
  A shadow imp (D:10)
  12 adder zombies
  An adder skeleton (D:4)
  4 worms
  2 dart slugs (D:2)
  4 leopard geckos
  40 orcs
  3 ball pythons
  6 bats
  7 giant cockroaches
  7 goblins
  8 hobgoblins
  4 jackals (D:7)
  13 kobolds
  6 quokkas
  3 frilled lizards
  2 gnoll zombies (Ossuary)
  5 hobgoblin zombies (Ossuary)
  A jackal skeleton (D:4)
  5 kobold zombies (Ossuary)
  4 orc zombies (Ossuary)
  34 rats
313 creatures vanquished.

Vanquished Creatures (others)
  A centaur zombie (D:9)
  2 kobolds (D:9)
3 creatures vanquished.

Grand Total: 316 creatures vanquished

Notes
Turn   | Place    | Note
-------+----------+-------------------------------------------
     0 | D:1      | Alarkh the Mummy Necromancer began the quest for the Orb.
     0 | D:1      | Reached XP level 1. HP: 13/13 MP: 3/3
   483 | D:1      | Reached XP level 2. HP: 18/19 MP: 0/5
  1263 | D:2      | Reached XP level 3. HP: 24/24 MP: 3/6
  1304 | D:2      | Noticed Natasha
  1329 | D:2      | Killed Natasha
  1565 | D:2      | Noticed Natasha
  1574 | D:2      | Killed Natasha
  1574 | D:2      | Reached skill level 5 in Necromancy
  1574 | D:2      | Reached XP level 4. HP: 17/30 MP: 1/8
  1756 | D:2      | Learned a level 3 spell: Vampiric Draining
  1761 | D:2      | Learned a level 4 spell: Control Undead
  1933 | D:2      | Noticed Natasha
  1937 | D:2      | Killed Natasha
  1937 | D:2      | Reached XP level 5. HP: 35/35 MP: 6/10
  2488 | D:3      | Noticed a hippogriff
  2938 | D:4      | Noticed an ogre
  2939 | D:4      | Found a sacrificial altar of Ru.
  2947 | D:4      | Killed an ogre
  2947 | D:4      | Reached XP level 6. HP: 40/41 MP: 4/12
  3088 | D:4      | Noticed Rationalist's ghost (amateur MiGl)
  3152 | D:4      | Found a staircase to the Ecumenical Temple.
  3188 | Temple   | Entered the Ecumenical Temple
  3319 | Temple   | Became a worshipper of Warmaster Okawaru
  3452 | D:4      | Reached skill level 1 in Long Blades
  3819 | D:4      | Found Kaucas's Assorted Antiques.
  3827 | D:4      | Bought a gilded ring for 105 gold pieces
  3827 | D:4      | Bought a scroll labeled OSYNIO KIORUJY for 21 gold pieces
  3827 | D:4      | Bought a scroll labeled OMUTHA MAWKEIGG for 21 gold pieces
  3827 | D:4      | Bought a scroll labeled XEZENT TUSEISU for 21 gold pieces
  3846 | D:4      | Reached skill level 2 in Long Blades
  3846 | D:4      | Reached XP level 7. HP: 46/46 MP: 6/14
  3924 | D:4      | Reached * piety under Okawaru
  3924 | D:4      | Reached skill level 5 in Spellcasting
  4259 | D:3      | Killed a hippogriff
  4259 | D:3      | Reached skill level 3 in Long Blades
  4484 | D:5      | Entered Level 5 of the Dungeon
  4675 | D:5      | Found a sand-covered staircase.
  4681 | Ossuary  | Entered an ossuary
  4855 | Ossuary  | Reached XP level 8. HP: 31/52 MP: 16/16
  4863 | Ossuary  | Reached ** piety under Okawaru
  4863 | Ossuary  | Reached skill level 1 in Shields
  5449 | D:5      | Noticed Duvessa
  5479 | D:5      | Reached skill level 4 in Long Blades
  6452 | D:5      | Noticed Dowan
  6468 | D:5      | Killed Duvessa
  6468 | D:5      | Reached skill level 5 in Long Blades
  6475 | D:5      | Killed Dowan
  6917 | D:5      | Reached *** piety under Okawaru
  6917 | D:5      | Reached XP level 9. HP: 43/57 MP: 3/18
  7044 | D:6      | Reached skill level 6 in Long Blades
  7110 | D:6      | Found a burning altar of Makhleb.
  7110 | D:6      | Found an opulent altar of Gozag.
  7602 | D:4      | Found a sacrificial altar of Ru.
  7638 | D:4      | Found a staircase to the Ecumenical Temple.
  7698 | D:4      | Found Kaucas's Assorted Antiques.
  7964 | D:4      | Killed Rationalist's ghost
  8202 | D:7      | Reached skill level 7 in Long Blades
  8606 | D:4      | Bought a brass ring for 105 gold pieces
  8766 | D:7      | Found Yguihes's Gadget Shoppe.
  9156 | D:8      | Found a glowing golden altar of the Shining One.
  9244 | D:8      | Found a deep blue altar of Sif Muna.
  9410 | D:8      | Reached skill level 5 in Shields
  9509 | D:8      | Reached **** piety under Okawaru
  9509 | D:8      | Reached skill level 8 in Long Blades
 10052 | D:6      | Found a snail-covered altar of Cheibriados.
 10052 | D:6      | Found a hazy altar of Hepliaklqana.
 10136 | D:9      | Reached XP level 10. HP: 59/63 MP: 15/19
 10164 | D:9      | Noticed Pikel
 10177 | D:9      | Noticed Joseph
 10352 | D:9      | Noticed a hill giant
 10409 | D:8      | Killed Pikel
 10409 | D:8      | Received a gift from Okawaru
 10409 | D:8      | Reached skill level 9 in Long Blades
 10847 | D:9      | Killed Joseph
 11071 | D:9      | Killed a hill giant
 11130 | D:9      | Reached skill level 10 in Long Blades
 11251 | D:9      | Found a glowing silver altar of Zin.
 11397 | D:9      | Found a stormy altar of Qazlal.
 11480 | D:10     | Entered Level 10 of the Dungeon
 11556 | D:10     | Killed an unseen horror
 11556 | D:10     | Reached ***** piety under Okawaru
 11556 | D:10     | Reached skill level 1 in Fighting
 11556 | D:10     | Reached skill level 1 in Armour
 11625 | D:10     | Found a staircase to the Lair.
 11717 | D:10     | Noticed a centaur warrior
 11733 | D:10     | Killed a centaur warrior
 11817 | D:10     | Found a portal to a secret trove of treasure.
 12084 | D:10     | Reached XP level 11. HP: 70/72 MP: 18/20
 12113 | D:10     | HP: 3/72 [wight/enchanted halberd (9)]
 12372 | D:10     | Noticed Maurice
 12906 | D:10     | Found a staircase to the Lair.
 13324 | D:10     | Found a portal to a secret trove of treasure.
 13341 | D:10     | Killed Maurice
 13341 | D:10     | Received a gift from Okawaru
 13346 | D:10     | Got a bloodstained great sword {god gift}
 13352 | D:10     | Identified the +9 great sword "Moumoirph" {venom, Str+5} (Okawaru gifted it to you on level 10 of the Dungeon)
 13490 | D:11     | Noticed a red ugly thing
 13498 | D:11     | Killed a red ugly thing
 13576 | D:11     | Noticed a hill giant
 13589 | D:11     | Killed a hill giant
 13610 | D:11     | Found Gixol's Armour Shoppe.
 13623 | D:11     | Bought a +2 helmet for 231 gold pieces
 13701 | D:11     | Slain by an unseen horror

Vault maps used:
D:1:      saegor_arrival_simple_c
D:2:      minmay_vboxes, uniq_natasha
D:4:      serial_shops, nicolae_shop_crystal, first_bread, corner_web_ring,
          nicolae_ru_sacrificial_ziggurat
D:5:      lemuel_ratsnest, enter_ossuary_3, uniq_duvessa
D:6:      amethyst_overflow_temple_binary, nicolae_overflow_hidden_temple
D:7:      serial_shops, nicolae_shop_window_shopping
D:8:      basic_altar, grunt_pizzeria, nicolae_tso_swordbearing_angel
D:9:      zin_scriptorium, nicolae_qazlal_eye_of_the_storm, uniq_pikel,
          uniq_joseph
D:10:     lair_0_dummy, enter_trove_1, grunt_decor_resistance,
          kennysheep_generic_room_9, uniq_maurice
D:11:     david_orc_1_choice, serial_shops,
          nicolae_shop_temple_entry_statues_fountains, shop, enter_bailey_2
Temple:   eino_temple_rhombus
Ossuary:  ossuary_tomb_2

Skill      XL: |  1  2  3  4  5  6  7  8  9 10 11 |
---------------+----------------------------------+-----
Spellcasting   | 3 4 5 6 |  6.0
Necromancy     | 5 6 7 |  7.0
Long Blades    | 2 3 5 8 10 | 10.8
Shields        | 3 5 |  5.8
Fighting       | 2 3 |  3.3
Armour         | 1 2 |  2.7
Dodging        | 2 3 |  3.4
Stealth        | |  1.5

Action                   |  1- 3 |  4- 6 |  7- 9 | 10-12 || total
-------------------------+-------+-------+-------+-------++-------
Melee: Unarmed           |     9 |       |       |       ||     9
       Short sword       |    20 |    22 |       |       ||    42
       Dagger            |       |    25 |     5 |       ||    30
       Long sword        |       |       |   777 |   245 ||  1022
       Falchion          |       |       |    19 |       ||    19
       Scimitar          |       |       |       |    72 ||    72
       Great sword       |       |       |       |    43 ||    43
 Cast: Pain              |    52 |   123 |   145 |     5 ||   325
       Vampiric Draining |       |     4 |    45 |    83 ||   132
       Control Undead    |       |       |       |     1 ||     1
Invok: Heroism           |       |       |     3 |     7 ||    10
Evoke: Wand              |       |       |     3 |     1 ||     4
  Use: Scroll            |     1 |     5 |     6 |     7 ||    19
 Stab: Sleeping          |       |     2 |     6 |     1 ||     9
Armor: Robe              |     6 |    38 |   132 |       ||   176
       Leather armour    |       |       |   148 |   101 ||   249
       Troll hide        |       |       |       |    37 ||    37
Dodge: Dodged            |    21 |    73 |   376 |   185 ||   655
Block: Buckler           |       |       |   127 |    73 ||   200
